AoeStats
← HoosierHysteria

Arabia

510939819Analyzed
1v1 RM · 7h ago on Oct 3, 2026· 65m 57s· 2 players
Game mode
Random Map
Map size
Tiny (2 player)
Population
200
Speed
Normal
Resources
Standard
Victory
Conquest
Starting age
Dark Age
Ending age
Imperial Age
RankedLock teamsTeams togetherTeam positionsShared explorationLock speedFull tech treeHidden civsTurbo modeCheats
Victory
Defeat
🇲🇽 Magyars · Mexico
961
+43
🇺🇸 Ethiopians · United States
964
-16
DAN13L
5:59 Loom
8:40 Feudal Age
15:45 Double-Bit Axe
18:12 Castle Age
16:18 Horse Collar
20:08 Wheelbarrow
19:23 Town Watch
21:10 Gold Mining
23:59 Stone Mining
24:44 Elite Skirmisher
26:55 Hand Cart
29:07 Heavy Plow
29:33 Thumb Ring
31:21 Herbal Medicine
32:49 Bloodlines
32:50 Scale Barding Armor
32:48 Husbandry
33:52 Gold Shaft Mining
33:13 Light Cavalry
35:24 Chain Barding Armor
36:50 Bow Saw
36:34 Fletching
36:48 Padded Archer Armor
37:06 Fletching
36:46 Crossbowman
37:58 Town Patrol
39:20 Murder Holes
39:44 Leather Archer Armor
41:04 Bodkin Arrow
41:30 Ballistics
41:26 Scale Mail Armor
43:46 Corvinian Army
45:10 Chain Mail Armor
47:31 Imperial Age
49:24 Plate Barding Armor
50:01 Parthian Tactics
49:57 Bracer
51:28 Conscription
52:08 Coinage
52:23 Ring Archer Armor
53:21 Conscription
54:15 Two-Man Saw
54:20 Chemistry
54:02 Masonry
53:27 Cavalier
55:28 Crop Rotation
55:07 Treadmill Crane
63:37 Capped Ram
HoosierHysteria
6:58 Loom
9:34 Feudal Age
21:35 Castle Age
20:04 Fletching
20:27 Horse Collar
21:36 Padded Archer Armor
22:36 Bodkin Arrow
23:00 Crossbowman
24:43 Forging
24:54 Double-Bit Axe
30:16 Leather Archer Armor
33:36 Iron Casting
33:11 Gold Mining
34:00 Ballistics
36:30 Imperial Age
34:22 Bow Saw
34:17 Heavy Plow
36:14 Iron Casting
37:32 Gold Shaft Mining
40:50 Halberdier
41:10 Arbalester
Connection lost

Rejoining the realm…

Still unreachable

The connection could not be restored.

Session expired

The server has moved on; the page needs a fresh start.